 Dungeon Crawl Stone Soup version 0.31.0-32-g396128a36d (webtiles) character file.

Game seed: 4912082235251148947

7441 Silvore the Basher (level 10, -16/93 HPs)
             Began as a Minotaur Fighter on Apr 17, 2024.
             Was a Priest of Elyvilon.
             Demolished by Snorg (21 damage)
             ... on level 10 of the Dungeon.
             The game lasted 00:09:59 (9836 turns).

Silvore the Basher (Minotaur Fighter)               Turns: 9836, Time: 00:10:00

Health: -16/93     AC: 14    Str: 24    XL:     10   Next: 93%
Magic:  9/9        EV:  8    Int:  5    God:    Elyvilon [***...]
Gold:   411        SH:  6    Dex: 13    Spells: 9/9 levels left

rFire   + + .        u - +3 morningstar
rCold   . . .        c - +0 buckler
rNeg    . . .        v - +0 plate armour
rPois   .            (helmet restricted)
rElec   .            j - scarf {rC+ rF+}
rCorr   .            (no gloves)
SInv    +            (no boots)
Will    +....        (no amulet) Stlth
                     i - ring "Cuhefe" {Fire Fly Will+ Dex+2 Stlth+}
HPRegen 0.35/turn    s - ring of see invisible
MPRegen 0.11/turn

%: no passive effects
@: marked, flying
A: horns 2, retaliatory headbutt
a: Renounce Religion, Purification, Heal Other, Heal Self


You were on level 10 of the Dungeon.
You worshipped Elyvilon.
Elyvilon was most pleased with you.
You visited 2 branches of the dungeon, and saw 11 of its levels.

You collected 437 gold pieces.
You donated 26 gold pieces to Zin.

Inventory:

Hand Weapons
 u - a +3 morningstar (weapon)
Missiles
 x - 2 throwing nets (quivered)
Armour
 c - a +0 buckler (worn)
 j - a scarf of resistance (worn)
 v - a +0 plate armour (worn)
Jewellery
 f - a ring of protection from fire
 i - the ring "Cuhefe" (left hand) {Fire Fly Will+ Dex+2 Stlth+}
   (You found it on level 3 of the Dungeon)

   [ring of fire]

   Fire:      It enhances your fire magic.
   Dex+2:     It affects your dexterity (+2).
   rF+:       It protects you from fire.
   rC-:       It makes you vulnerable to cold.
   Will+:     It increases your willpower.
   Fly:       It grants you flight.
   Stlth+:    It makes you more stealthy.
 l - a +5 ring of evasion
 s - a ring of see invisible (right hand)
Wands
 b - a wand of mindburst (30)
 p - a wand of roots (9)
Scrolls
 a - a scroll of fear
 h - a scroll of amnesia
 m - a scroll of identify
 n - 2 scrolls of teleportation
 r - a scroll of enchant weapon
 y - a scroll of vulnerability
Potions
 d - 3 potions of might
 e - a potion of lignification
 g - 4 potions of curing
 k - a potion of degeneration
 o - 2 potions of magic
 q - 2 potions of heal wounds
 t - 2 potions of haste
 w - 3 potions of enlightenment
 z - a potion of mutation


   Skills:
 + Level 9.8 Fighting
 + Level 12.6 Maces & Flails
 + Level 10.5 Armour
 + Level 3.6 Dodging
 + Level 1.3 Stealth
 + Level 8.1 Shields
 + Level 0.4 Unarmed Combat


You had 9 spell levels left.
You didn't know any spells.
Your spell library contained the following spells:

 Spells                   Type           Power      Damage    Failure   Level
 Apportation              Tloc           0%         N/A       100%        1
 Freeze                   Ice            0%         1d3       100%        1
 Necrotise                Necr           0%         1d4       100%        1
 Shock                    Conj/Air       0%         1d3       100%        1
 Sting                    Conj/Alch      0%         1d3       100%        1
 Summon Small Mammal      Summ           0%         N/A       100%        1
 Sublimation of Blood     Necr           0%         N/A       100%        2
 Frozen Ramparts          Ice            0%         1d1       100%        3
 Hailstorm                Conj/Ice       0%         3d5       100%        3
 Swiftness                Air            0%         N/A       100%        3
 Airstrike                Air            0%         2d(0-16)  100%        4
 Petrify                  Alch/Erth      0%         N/A       100%        4
 Irradiate                Conj/Alch      0%         3d11      100%        5


Dungeon Overview and Level Annotations

Branches:
Dungeon (10/15)            Temple (1/1) D:5            Lair (0/5) D:9
    Orc (0/2) D:9

Altars:
Ashenzari
Cheibriados
Dithmenos
Elyvilon
Fedhas
Gozag
Hepliaklqana
Kikubaaqudgha
Makhleb
Nemelex Xobeh
Okawaru
Qazlal
Ru
Sif Muna
Trog
Vehumet
Wu Jian
Xom
Yredelemnul
Zin

Annotations:
D:10 Snorg


Innate Abilities, Weirdness & Mutations

You have a pair of horns on your head.
You reflexively headbutt those who attack you in melee.


Message History

* * * LOW HITPOINT WARNING * * *
You thump the yak!
The yak is almost dead.
The orc warrior closely misses you.
You thump the yak!
You kill the yak!
Snorg goes berserk!
You impale the yak!!
The yak is heavily wounded.
Snorg rages.
You block the orc warrior's attack.
A kobold demonologist comes into view. It is wielding a +0 dagger.
The yak misses you.
You puncture the yak!
The yak is almost dead.
The orc warrior hits you from afar with a +0 glaive.
* * * LOW HITPOINT WARNING * * *
You block the yak's attack.
You bludgeon the yak!!
You kill the yak!
The orc warrior hits you but does no damage.
Snorg bites you.
* * * LOW HITPOINT WARNING * * *
Snorg misses you. Snorg claws you but does no damage.
Your Shields skill increases to level 8!
You closely miss Snorg. The orc warrior barely misses you.
The kobold demonologist casts a spell.
Snorg closely misses you. Snorg barely misses you. Snorg claws you!
* * * LOW HITPOINT WARNING * * *
You hit Snorg. Your headbutt misses Snorg.
Snorg is lightly wounded.
Snorg bites you! Elyvilon protects you from harm! You block Snorg's attack.
Snorg claws you! Elyvilon protects you from harm!
The orc warrior closely misses you.
You closely miss Snorg. You headbutt Snorg!
Snorg is lightly wounded.
Snorg bites you!!
You die...

# # .#. .# #.# .#
# ###.# .#.#
##.#.#######.#.###
#..<........o.....
##.#.######.......
#.#.######oo.4...
#.#.(...@ToYK....
#.########oo.....
#. Y...... ##
....>.. #Y##### Y#
.. .#


You could see Snorg (berserk), a kobold demonologist, a yak, a chaos spawn
(summoned), an orc warrior and 4 orcs.

Vanquished Creatures
  Maggie (D:6)
  3 trolls
  2 hornets
  Grinder (D:4)
  Sigmund (D:2)
  3 yaks (D:10)
  2 steam dragons
  Menkaure (D:4)
  2 water moccasins
  Duvessa (D:4)
  A black bear (D:7)
  3 sky beasts
  3 orc warriors
  An ogre (D:6)
  4 centaurs
  A phantom (D:6)
  A kobold brigand (D:8)
  5 bullfrogs
  6 scorpions
  15 wights
  Dowan (D:4)
  9 killer bees
  5 electric eels (D:9)
  4 howler monkeys
  3 bombardier beetles
  3 jellies (D:7)
  3 hounds
  8 orc priests
  2 sleepcaps
  Natasha (thrice) (D:2)
  An iguana (D:6)
  2 gnoll boudas
  9 orc wizards
  12 gnolls
  7 adders
  A shadow imp (D:5)
  4 dart slugs
  A ribbon worm (D:5)
  22 orcs
  8 ball pythons
  6 bats
  8 endoplasms
  3 giant cockroaches
  10 goblins
  11 hobgoblins
  8 quokkas
  A frilled lizard (D:1)
  9 kobolds
  6 rats
227 creatures vanquished.

Notes
Turn   | Place    | Note
-------+----------+-------------------------------------------
     0 | D:1      | Silvore the Minotaur Fighter began the quest for the Orb.
     0 | D:1      | Reached XP level 1. HP: 19/19 MP: 0/0
   137 | D:1      | Reached XP level 2. HP: 27/27 MP: 1/1
   963 | D:2      | Noticed Natasha
   978 | D:2      | Killed Natasha
   979 | D:2      | Reached skill level 3 in Maces & Flails
   979 | D:2      | Reached XP level 3. HP: 6/33 MP: 2/2
  1178 | D:2      | Noticed Natasha
  1183 | D:2      | Killed Natasha
  1184 | D:2      | Reached XP level 4. HP: 41/41 MP: 3/3
  1225 | D:2      | Noticed Sigmund
  1235 | D:2      | Killed Sigmund
  1236 | D:2      | Reached skill level 5 in Fighting
  1236 | D:2      | Reached skill level 4 in Maces & Flails
  1236 | D:2      | Reached skill level 5 in Armour
  1236 | D:2      | Reached XP level 5. HP: 27/48 MP: 4/4
  1433 | D:2      | Noticed Natasha
  1437 | D:2      | Killed Natasha
  1438 | D:2      | Reached XP level 6. HP: 56/56 MP: 5/5
  1586 | D:3      | Identified the ring "Cuhefe" {Fire Fly Will+ Dex+2 Stlth+}
  1695 | D:3      | Reached skill level 5 in Maces & Flails
  1843 | D:3      | Found a faded altar of an unknown god.
  1925 | D:3      | Found an iron altar of Okawaru.
  2175 | D:4      | Reached skill level 1 in Dodging
  2376 | D:4      | Reached skill level 5 in Shields
  2376 | D:4      | Reached XP level 7. HP: 57/61 MP: 6/6
  2380 | D:4      | Noticed a steam dragon
  2400 | D:4      | Killed a steam dragon
  2401 | D:4      | Reached skill level 6 in Maces & Flails
  2819 | D:4      | HP: 2/62 [orc/+0 club (3)]
  2821 | D:4      | Noticed Duvessa
  2822 | D:4      | Noticed Grinder
  2824 | D:4      | Reached skill level 7 in Maces & Flails
  3029 | D:4      | Noticed Dowan
  3032 | D:4      | Killed Duvessa
  3033 | D:4      | Reached XP level 8. HP: 70/70 MP: 7/7
  3036 | D:4      | Killed Dowan
  3082 | D:4      | Paralysed by Grinder for 2 turns
  3086 | D:4      | Killed Grinder
  3233 | D:4      | Noticed Menkaure
  3241 | D:4      | Killed Menkaure
  3242 | D:4      | Reached skill level 8 in Maces & Flails
  3520 | D:5      | Entered Level 5 of the Dungeon
  3907 | D:5      | Identified the +3 arbalest "Zyluthrukk" {speed, Fly rF-
                  | Dex+3}
  3978 | D:5      | Found a staircase to the Ecumenical Temple.
  3988 | Temple   | Entered the Ecumenical Temple
  3998 | Temple   | Became a worshipper of Zin the Law-Giver
  3998 | Temple   | Reached * piety under Zin
  4851 | D:6      | Reached XP level 9. HP: 65/78 MP: 8/8
  4860 | D:6      | Reached skill level 9 in Maces & Flails
  5002 | D:6      | Found a shadowy altar of Dithmenos.
  5078 | D:6      | Found a bloodstained altar of Trog.
  5455 | D:6      | Noticed Maggie
  5464 | D:6      | Killed Maggie
  5544 | D:6      | Found a radiant altar of Vehumet.
  5770 | D:6      | Found a shimmering altar of Xom.
  5774 | D:6      | Found a shimmering blue altar of Sif Muna.
  5775 | D:6      | Found a basalt altar of Yredelemnul.
  5775 | D:6      | Found a white marble altar of Elyvilon.
  5886 | D:6      | Fell from the grace of Zin
  5886 | D:6      | Became a worshipper of Elyvilon the Healer
  5937 | D:7      | Reached skill level 1 in Stealth
  5939 | D:7      | Reached skill level 10 in Maces & Flails
  6367 | D:7      | Identified the +1 helmet "Olifik" {Dex+3}
  6498 | D:7      | Reached * piety under Elyvilon
  6808 | D:7      | Reached XP level 10. HP: 77/90 MP: 9/9
  7017 | D:7      | Paralysed by a hornet for 1 turns
  7022 | D:7      | Reached skill level 11 in Maces & Flails
  7411 | D:8      | Reached ** piety under Elyvilon
  7627 | D:8      | Reached skill level 10 in Armour
  7714 | D:8      | Found an opulent altar of Gozag.
  8479 | D:9      | Found a staircase to the Orcish Mines.
  8841 | D:9      | Reached skill level 12 in Maces & Flails
  9124 | D:9      | Paralysed by a hornet for 1 turns
  9524 | D:9      | Found a staircase to the Lair.
  9794 | D:10     | Entered Level 10 of the Dungeon
  9802 | D:10     | Reached *** piety under Elyvilon
  9824 | D:10     | Noticed Snorg
  9834 | D:10     | HP: 4/93 [Snorg (8)]
  9835 | D:10     | Elyvilon protects you from harm!
  9835 | D:10     | Elyvilon protects you from harm!
  9836 | D:10     | Demolished by Snorg

Illustrated notes

Levels and vault maps discovered:
D:1:      minmay_arrival_five_plusses, layout_loops_ring, minmay_tetromino_t2
D:2:      layout_basic, uniq_natasha, uniq_sigmund
D:3:      layout_rooms, marbit_many_paths, basic_ecumenical_altar,
          nicolae_grassy_gnolls
D:4:      cheibrodos_helix_gallery, layout_cave_pools, serial_column_ruins,
          column_ruins_square_medium, column_ruins_hut_pillars,
          column_ruins_columns_plus, column_ruins_open_tiny,
          column_ruins_open_small_water, minmay_goblin_kobold_house,
          uniq_duvessa, uniq_grinder, uniq_menkaure
D:5:      layout_basic, minmay_temple_entry_proselytizer
D:6:      layout_loops_ring, nicolae_dithmenos_through_a_glass_darkly,
          kennysheep_little_box, trog_hazing_becter, minitemple, uniq_maggie
D:7:      layout_gridville, kennysheep_generic_room_15
D:8:      layout_loops_corners, nicolae_gozag_cash_rules_everything_around_me,
          ebering_dispersal_statue_hall
D:9:      nicolae_moon_pools, layout_loops_ring, dpeg_oklobed_lair
D:10:     layout_loops_ring, jmf_multi_god_temple2, trove_entry_hex_spiral,
          hellmonk_guarded_unrand_lears, uniq_snorg
Temple:   nicolae_temple_bog_church

Skill      XL: |  1  2  3  4  5  6  7  8  9 10 |
---------------+-------------------------------+-----
Shields        | 4 5 6 7 8 |  8.1
Fighting       | 4 5 6 7 8 9 |  9.8
Armour         | 4 5 6 8 9 10 | 10.5
Maces & Flails | 3 4 5 7 8 10 12 | 12.6
Dodging        | 1 2 3 |  3.6
Stealth        | 1 |  1.3
Unarmed Combat | |  0.4

Action                     |  1- 3 |  4- 6 |  7- 9 | 10-12 || total
---------------------------+-------+-------+-------+-------++-------
  Melee: Flail             |    54 |    92 |   201 |       ||   347
         Headbutt          |    12 |    13 |    63 |    37 ||   125
         Unarmed           |       |       |    10 |       ||    10
         Morningstar       |       |       |    88 |   199 ||   287
    Use: Scroll            |     3 |     9 |     8 |     3 ||    23
         Potion            |       |       |       |     2 ||     2
 Armour: Scale mail        |    39 |    15 |       |       ||    54
         Chain mail        |       |    53 |   298 |       ||   351
         Plate armour      |       |       |     2 |   208 ||   210
  Dodge: Dodged            |    35 |    40 |   131 |    86 ||   292
  Block: Buckler           |    13 |    27 |    78 |    68 ||   186
